AoeStats
← RDA Ronan

Nomad

507782428Analyzed
4v4 RM · 12d ago on Sep 19, 2026· 54m 23s· 8 players
Game mode
Random Map
Map size
231×231
Population
200
Speed
Normal
Resources
Standard
Victory
Conquest
Starting age
Dark Age
Ending age
Imperial Age
RankedLock teamsTeams togetherTeam positionsShared explorationLock speedFull tech treeHidden civsTurbo modeCheats
Victory
Defeat
🇦🇷 Spanish · Argentina
1275
+14
🇦🇷 Portuguese · Argentina
1209
+17
🇦🇷 Berbers · Argentina
1175
+18
🇪🇸 Persians · Spain
1135
+19
🇨🇳 Tupi · China
1278
-19
🇨🇳 Mongols · China
1226
-17
🇪🇸 Sicilians · Spain
1197
-16
🇬🇧 Slavs · United Kingdom
1188
-16
RDA | Karnage
8:34 Loom
13:45 Feudal Age
21:27 Wheelbarrow
25:30 Castle Age
29:28 Bloodlines
32:43 Double-Bit Axe
38:06 Scale Barding Armor
40:25 Town Watch
45:06 Hand Cart
50:09 Imperial Age
49:59 Cavalier
51:16 Husbandry
51:37 Forging
55:06 Chain Barding Armor
RDA | Trippelonga
5:04 Loom
12:55 Feudal Age
18:13 Castle Age
16:20 Double-Bit Axe
20:16 Bow Saw
23:59 Padded Archer Armor
24:49 Horse Collar
25:31 Gold Mining
27:27 Leather Archer Armor
27:58 Husbandry
28:31 Heavy Plow
29:01 Bloodlines
35:24 Imperial Age
33:30 Wheelbarrow
35:32 Imperial Age
33:53 Fletching
34:56 Fishing Lines
35:23 Stone Mining
35:36 Gillnets
38:30 Hand Cart
38:46 Conscription
40:35 Chemistry
40:31 Ring Archer Armor
41:22 Elite Conquistador
44:08 Two-Man Saw
44:00 Hoardings
43:49 Ballistics
43:25 Bodkin Arrow
48:56 Stone Shaft Mining
48:58 Coinage
49:07 Light Cavalry
49:58 Hussar
51:07 Scale Barding Armor
51:13 Forging
53:15 Chain Barding Armor
53:31 Iron Casting
RDA Lurchoton
12:38 Loom
14:39 Feudal Age
16:00 Double-Bit Axe
19:21 Castle Age
17:55 Forging
17:55 Scale Barding Armor
19:35 Bloodlines
19:23 Fishing Lines
21:23 Husbandry
22:51 Bow Saw
24:23 Gold Mining
25:12 Chain Barding Armor
25:29 Gillnets
27:11 Iron Casting
27:46 Wheelbarrow
39:30 Hand Cart
39:34 Town Watch
41:18 Town Patrol
43:44 Light Cavalry
49:11 Imperial Age
49:24 Cavalier
50:41 Plate Barding Armor
49:57 Hussar
51:35 Gold Shaft Mining
RDA Ronan
4:55 Loom
13:43 Feudal Age
15:55 Double-Bit Axe
19:57 Castle Age
20:30 Castle Age
19:22 Horse Collar
21:26 Medium Warships
20:57 Fishing Lines
21:44 Bow Saw
23:47 Wheelbarrow
23:45 Gold Mining
23:54 Town Watch
24:46 Gillnets
25:26 Hand Cart
27:09 Heavy Plow
29:14 Stone Mining
31:28 Town Patrol
33:15 Stone Shaft Mining
33:31 Fletching
37:39 Imperial Age
36:50 Bodkin Arrow
37:48 Scale Barding Armor
38:17 Bloodlines
38:07 Husbandry
37:43 Cavalier
39:46 Conscription
40:16 Chain Barding Armor
41:49 Plate Barding Armor
42:29 Bracer
43:16 Ballistics
42:58 Padded Archer Armor
42:53 Elite Skirmisher
43:45 Elite Genitour
45:57 Chemistry
46:03 Leather Archer Armor
46:08 Thumb Ring
46:46 Light Cavalry
48:15 Forging
48:54 Coinage
49:30 Circumnavigation
51:51 Iron Casting
51:48 Banking
53:41 Siege Engineers
54:43 Blast Furnace
Stratty
10:03 Loom
14:30 Feudal Age
21:43 Castle Age
34:35 Imperial Age
35:31 Forging
35:27 Scale Barding Armor
35:47 Conscription
36:03 Bloodlines
35:54 Husbandry
45:49 Padded Archer Armor
46:27 Scale Mail Armor
47:55 Elite Skirmisher
49:10 Fletching
51:28 Leather Archer Armor
51:09 Bodkin Arrow
52:48 Ring Archer Armor
55:02 Chemistry
Jambo
5:01 Loom
14:34 Feudal Age
15:18 Double-Bit Axe
16:20 Fletching
16:31 Scale Mail Armor
18:24 Horse Collar
20:28 Forging
30:01 Castle Age
31:02 Bow Saw
30:58 Heavy Plow
30:49 Pikeman
31:25 Bodkin Arrow
32:07 Ballistics
32:00 Murder Holes
34:12 Chain Mail Armor
34:35 Gold Mining
38:30 Arson
38:46 Squires
43:26 Imperial Age
44:53 Wheelbarrow
47:26 Chemistry
46:13 Arrowslits
46:34 Siege Engineers
50:26 Bracer
50:27 Padded Archer Armor
51:51 Elite Skirmisher
53:18 Leather Archer Armor
青柑普洱
11:05 Loom
13:25 Feudal Age
13:35 Champi Runner
19:06 Wheelbarrow
20:15 Scale Mail Armor
21:01 Forging
23:28 Castle Age
23:03 Horse Collar
23:53 Pikeman
23:54 Champi Warrior
26:29 Fletching
28:57 Double-Bit Axe
29:02 Gold Mining
31:07 Bodkin Arrow
43:23 Imperial Age
42:33 Squires
43:09 Bow Saw
44:56 Chain Mail Armor
45:16 Iron Casting
44:49 Heavy Plow
46:43 Elite Champi Warrior
49:03 Halberdier
51:20 Plate Mail Armor
jinzhi
6:08 Loom
12:20 Feudal Age
25:29 Castle Age
23:42 Double-Bit Axe
24:00 Horse Collar
26:02 Wheelbarrow
26:35 Town Watch
28:26 Bow Saw
28:11 Gold Mining
28:11 Stone Mining
28:54 Thumb Ring
29:51 Fletching
30:16 Bloodlines
30:31 Bodkin Arrow
31:47 Husbandry
32:13 Ballistics
32:40 Padded Archer Armor
32:57 Heavy Plow
35:10 Leather Archer Armor
42:44 Imperial Age
40:08 Light Cavalry
40:57 Scale Barding Armor
41:02 Forging
44:04 Conscription
44:43 Bracer
46:06 Elite Mangudai
47:40 Hussar
49:56 Forging
50:07 Chain Barding Armor
52:11 Iron Casting
54:20 Nomads
54:41 Drill
Connection lost

Rejoining the realm…

Still unreachable

The connection could not be restored.

Session expired

The server has moved on; the page needs a fresh start.